 Dungeon Crawl Stone Soup version 0.21-b1-21-g86478ac (webtiles) character file.

977 Plasmagod the Scholar of Death (level 8, 0/37 HPs)
             Began as a Vine Stalker Necromancer on Jan 4, 2018.
             Was a Follower of Kikubaaqudgha.
             Slain by an orc warrior
             ... wielding a +0 trident
              (11 damage)
             ... on level 6 of the Dungeon.
             The game lasted 00:45:40 (4303 turns).

Plasmagod the Scholar of Death (VSNe)               Turns: 4303, Time: 00:45:40

Health: 0/37       AC:  6    Str: 10    XL:     8   Next: 17%
Magic:  0/18       EV: 14    Int: 17    God:    Kikubaaqudgha [*.....]
Gold:   297        SH:  0    Dex: 16    Spells: 8/19 levels left

rFire    + . .     SeeInvis .     - Unarmed
rCold    . . .     Gourm    .   (no shield)
rNeg     . . .     Faith    .   a - +1 robe
rPois    .         Spirit   +   F - +1 hat
rElec    .         Reflect  .   (no cloak)
rCorr    .         Harm     .   I - +0 pair of gloves
MR       +....                  o - +0 pair of boots
Stlth    ++........             D - amulet of magic regeneration
HPRegen  0.52/turn              d - +1 ring of evasion
MPRegen  0.41/turn              E - ring of protection from fire

@: no status effects
A: fangs 3, regeneration 1, magic shield, antimagic bite, no potion heal 3, rot
immunity
a: Receive Corpses, Renounce Religion


You were on level 6 of the Dungeon.
You worshipped Kikubaaqudgha.
Kikubaaqudgha was aware of your devotion.
You were not hungry.

You visited 1 branch of the dungeon, and saw 6 of its levels.

You collected 297 gold pieces.

Inventory:

Hand Weapons
 e - a +1 hunting sling
 h - a +0 spear
Missiles
 n - 75 stones (quivered)
Armour
 a - a +1 robe (worn)
 o - a +0 pair of boots (worn)
 F - a +1 hat (worn)
 I - a +0 pair of gloves (worn)
Jewellery
 d - a +1 ring of evasion (left hand)
 t - a +3 amulet of reflection
 D - an amulet of magic regeneration (around neck)
 E - a ring of protection from fire (right hand)
Wands
 H - a wand of flame (39)
Scrolls
 f - 3 scrolls of enchant armour
 j - 2 scrolls of identify
 l - a scroll of amnesia
 m - a scroll of magic mapping {unknown}
 p - a scroll of teleportation
 q - a scroll of fog
 w - 2 scrolls of enchant weapon
 y - a scroll of remove curse
 B - 2 scrolls of immolation {unknown}
Potions
 g - a potion of flight
 i - a potion of berserk rage
 k - a potion of heal wounds {unknown}
 r - 2 potions of agility
 s - a potion of haste
 x - a potion of lignification {unknown}
 z - a potion of mutation {unknown}
 A - a potion of ambrosia {unknown}
 C - a potion of curing {unknown}
Books
 b - a book of Necromancy

   Spells                             Type                      Level
   a - Pain                           Necromancy                   1
   b - Animate Skeleton               Necromancy                   1
   c - Vampiric Draining              Necromancy                   3
   d - Regeneration                   Charms/Necromancy            3
   e - Animate Dead                   Necromancy                   4
   f - Borgnjor's Vile Clutch         Necromancy/Earth             5
 v - Kikubaaqudgha's Incunabulum of Sinister Arts
   (Kikubaaqudgha gifted it to you on level 4 of the Dungeon)

   Spells                             Type                      Level
   a - Pain                           Necromancy                   1
   b - Corpse Rot                     Necromancy                   2
   c - Sublimation of Blood           Necromancy                   2
   d - Regeneration                   Charms/Necromancy            3
 G - a book of Flames

   Spells                             Type                      Level
   a - Flame Tongue                   Conjuration/Fire             1
   b - Throw Flame                    Conjuration/Fire             2
   c - Conjure Flame                  Conjuration/Fire             3
   d - Inner Flame                    Hexes/Fire                   3
   e - Sticky Flame                   Conjuration/Fire             4
   f - Fireball                       Conjuration/Fire             5
Comestibles
 c - 6 rations
 u - 7 chunks of flesh


   Skills:
 + Level 0.6 Fighting
 - Level 0.2 Polearms
 + Level 2.6 Dodging
 + Level 3.3 Stealth
 + Level 3.1 Unarmed Combat
 + Level 6.0 Spellcasting
 + Level 0.2 Conjurations
 + Level 6.6 Necromancy


You had 8 spell levels left.
You knew the following spells:

 Your Spells              Type           Power        Failure   Level  Hunger
a - Pain                  Necr           ####         1%          1    None
b - Animate Skeleton      Necr           N/A          1%          1    None
c - Vampiric Draining     Necr           ####......   2%          3    ##.....
d - Regeneration          Chrm/Necr      ###.......   10%         3    ##.....
e - Corpse Rot            Necr           N/A          1%          2    None
f - Flame Tongue          Conj/Fire      #....        12%         1    None


Dungeon Overview and Level Annotations

Branches:
Dungeon (6/15)
 Temple: D:4-7

Altars:
Kikubaaqudgha
Nemelex Xobeh
Qazlal
Ru
Sif Muna
Wu Jian
Zin


Innate Abilities, Weirdness & Mutations

You have razor-sharp teeth.
Your natural rate of healing is unusually fast.
When hurt, damage is shared between your health and your magic reserves.
Your bite disrupts and absorbs the magic of your enemies.
Potions cannot restore your health.
You are immune to rotting.


Message History

The centaur is severely wounded.
The centaur unwields an uncursed shortbow.
The centaur completely misses you.
Casting: Flame Tongue
Confirm with . or Enter, or press ? or * to list all spells.
Aiming: Vampiric Draining
Press: ? - help, Shift-Dir - straight line, f - centaur
Aim: a centaur (severely wounded)
The centaur is almost dead.
You feel life coursing into your body. The centaur barely misses you.
You barely miss the centaur. You bite the centaur, but do no damage.
The centaur is almost dead.
The centaur misses you. The orc warrior completely misses you.
The centaur barely misses you.
You closely miss the centaur.
The centaur is almost dead.
The centaur misses you.
The orc warrior hits you from afar with a trident!
You die...
Kikubaaqudgha rasps: "You have failed me!
Welcome... death!"

.................
............. ..c..
... ####'###o####
#..((..)....#
#.c.(.(.....#
#...(.(.....+
#########o##########
#.........c@.......
#.......(..........
#..................
#...
#..................
#...
#.....................
#...
#.....................
#...
#....................
#...
#.....#########......
#... #.....#.......
####'#####...


You could see an orc warrior and a centaur.

Vanquished Creatures
  Duvessa (D:6)
  A centaur (D:5)
  A bullfrog (D:6)
  A scorpion (D:4)
  A howler monkey (D:5)
  A hound (D:4)
  Crazy Yiuf (D:4)
  2 orc wizards
  An iguana (D:4)
  Natasha (D:4)
  A worker ant (D:3)
  A hound zombie (D:5)
  A worker ant zombie (D:5)
  6 adders
  A shadow imp (D:5)
  An adder zombie (D:5)
  2 worms
  3 leopard geckos
  14 orcs
  8 giant cockroaches
  8 goblins
  5 hobgoblins
  A jackal (D:4)
  3 quokkas
  12 bats
  4 frilled lizards
  3 kobolds
  8 rats
93 creatures vanquished.

Vanquished Creatures (collateral kills)
  2 ogres
  Dowan (D:6)
  2 crimson imps (D:6)
  Jessica (D:2)
  Natasha (twice) (D:4)
  2 adders
  A worm (D:2)
  An orc (D:3)
  2 giant cockroaches
  A goblin (D:3)
  3 jackals (D:4)
18 creatures vanquished.

Grand Total: 111 creatures vanquished

Notes
Turn   | Place    | Note
-------+----------+-------------------------------------------
     0 | D:1      | Plasmagod the Vine Stalker Necromancer began the quest for the Orb.
     0 | D:1      | Reached XP level 1. HP: 9/9 MP: 4/4
     2 | D:1      | Learned a level 1 spell: Animate Skeleton
   318 | D:1      | Reached XP level 2. HP: 7/13 MP: 3/6
   446 | D:1      | Found a sparkling altar of Nemelex Xobeh.
  1338 | D:2      | Reached XP level 3. HP: 15/16 MP: 4/8
  1683 | D:2      | Noticed Jessica
  1702 | D:2      | Killed Jessica
  1702 | D:2      | Gained mutation: Your natural rate of healing is unusually fast. [Vine Stalker growth]
  1702 | D:2      | Reached XP level 4. HP: 5/21 MP: 3/9
  1781 | D:2      | Learned a level 3 spell: Vampiric Draining
  1803 | D:2      | Found a sacrificial altar of Ru.
  1841 | D:2      | Became a worshipper of Ru the Awakened
  2054 | D:2      | Found a faded altar of an unknown god.
  2090 | D:2      | Reached XP level 5. HP: 18/24 MP: 8/11
  2103 | D:2      | Reached skill level 1 in Unarmed Combat
  2119 | D:2      | Found a glowing silver altar of Zin.
  2260 | D:2      | Learned a level 1 spell: Animate Skeleton
  2483 | D:3      | Reached skill level 5 in Necromancy
  2594 | D:3      | Found an ancient bone altar of Kikubaaqudgha.
  2597 | D:3      | Fell from the grace of Ru
  2597 | D:3      | Became a worshipper of Kikubaaqudgha
  2729 | D:3      | Found a stormy altar of Qazlal.
  2804 | D:3      | Reached XP level 6. HP: 28/28 MP: 9/13
  2847 | D:4      | Noticed Natasha
  2851 | D:4      | Killed Natasha
  3036 | D:4      | Found an ornate altar of the Wu Jian Council.
  3081 | D:4      | Noticed Natasha
  3088 | D:4      | Killed Natasha
  3181 | D:4      | Found a runed door.
  3185 | D:4      | Noticed Crazy Yiuf
  3202 | D:4      | Killed Crazy Yiuf
  3408 | D:4      | Noticed Natasha
  3415 | D:4      | Killed Natasha
  3415 | D:4      | Reached XP level 7. HP: 26/32 MP: 12/15
  3471 | D:4      | Reached * piety under Kikubaaqudgha
  3471 | D:4      | Identified Kikubaaqudgha's Incunabulum of Sinister Arts (Kikubaaqudgha gifted it to you on level 4 of the Dungeon)
  3471 | D:4      | Received a gift from Kikubaaqudgha
  3480 | D:4      | Learned a level 3 spell: Regeneration
  3483 | D:4      | Learned a level 2 spell: Corpse Rot
  3546 | D:5      | Entered Level 5 of the Dungeon
  3554 | D:5      | Reached skill level 5 in Spellcasting
  3928 | D:5      | Learned a level 1 spell: Flame Tongue
  3989 | D:5      | Found a deep blue altar of Sif Muna.
  4174 | D:6      | Noticed Dowan
  4176 | D:6      | Noticed Duvessa
  4182 | D:6      | Killed Dowan
  4182 | D:6      | Gained mutation: You have razor-sharp teeth. [Vine Stalker growth]
  4182 | D:6      | Reached XP level 8. HP: 37/37 MP: 12/17
  4195 | D:6      | Killed Duvessa
  4303 | D:6      | Slain by an orc warrior

Skill      XL: |  1  2  3  4  5  6  7  8 |
---------------+-------------------------+-----
Spellcasting   | 3 4 5 6 |  6.0
Unarmed Combat | 1 3 |  3.1
Stealth        | 3 |  3.3
Necromancy     | 5 6 |  6.6
Dodging        | 2 |  2.6
Fighting       | |  0.6
Polearms       | |  0.2
Conjurations   | |  0.2

Action                   |  1- 3 |  4- 6 |  7- 9 || total
-------------------------+-------+-------+-------++-------
Melee: Spear             |    39 |       |       ||    39
       Unarmed           |    26 |   186 |    86 ||   298
       Bite              |    16 |    45 |    22 ||    83
       Punch             |       |       |     2 ||     2
Throw: Stone             |       |       |     1 ||     1
 Cast: Pain              |    36 |    83 |    26 ||   145
       Animate Skeleton  |     7 |    15 |     7 ||    29
       Vampiric Draining |       |     3 |     3 ||     6
       Flame Tongue      |       |       |     2 ||     2
       Corpse Rot        |       |       |     2 ||     2
       Regeneration      |       |       |     1 ||     1
Invok: Receive Corpses   |       |       |     1 ||     1
  Use: Potion            |     2 |     1 |     1 ||     4
       Scroll            |     2 |     5 |       ||     7
 Stab: Sleeping          |     1 |       |       ||     1
       Paralysed         |       |     2 |       ||     2
       Distracted        |       |     1 |     1 ||     2
  Eat: Chunk             |     3 |     6 |     3 ||    12
Armor: Robe              |     2 |    54 |    13 ||    69
Dodge: Dodged            |    30 |   119 |    65 ||   214
Block: Other             |     4 |    31 |     2 ||    37
